 Dungeon Crawl Stone Soup version 0.29-a0-275-g389c0b56f3 (webtiles) character file.

Game seed: 3738527277080432016

6504 siradein the Covert (level 10, -3/77 HPs)
             Began as a Vampire Hunter on Mar 11, 2022.
             Was a Believer of Dithmenos.
             Shot with an arrow by a centaur warrior (16 damage)
             ... on level 10 of the Dungeon.
             The game lasted 00:42:56 (11869 turns).

siradein the Covert (Vampire Hunter)               Turns: 11869, Time: 00:42:56

Health: -3/77      AC: 11    Str: 11    XL:     10   Next: 69%
Magic:  14/14      EV: 18    Int: 16    God:    Dithmenos [**....]
Gold:   832        SH:  4    Dex: 17    Spells: 7/15 levels left

rFire   . . .      SeeInvis +   I - +0 short sword (venom)
rCold   . . .      Faith    .   t - +0 buckler
rNeg    . . .      Spirit   .   M - +0 acid dragon scales
rPois   .          Reflect  .   j - +0 helmet
rElec   .          Harm     .   K - +0 cloak
rCorr   +          Rampage  .   i - +0 pair of gloves
Will    ++...                   k - +1 pair of boots
Stlth   ++++++....              (no amulet)
HPRegen 0.42/turn               m - ring of willpower
MPRegen 0.14/turn               C - +4 ring of evasion

@: healing quickly, wreathed by umbra
A: alive, fangs 3, see invisible, vampiric 2
a: Exsanguinate, Renounce Religion, Shadow Step


You were on level 10 of the Dungeon.
You worshipped Dithmenos.
Dithmenos was pleased with you.
You visited 2 branches of the dungeon, and saw 11 of its levels.

You collected 1073 gold pieces.
You spent 241 gold pieces at shops.

Inventory:

Hand Weapons
 a - a +1 hand crossbow
 D - the +5 mace of Gehenna {freeze, Dex+6}
   (You found it on level 4 of the Dungeon)

   It freezes those it strikes, dealing additional cold damage.
   It can also slow down cold-blooded creatures.
   Dex:       It affects your dexterity (+6).
 I - a +0 short sword of venom (weapon)
Missiles
 b - 8 poisoned darts
 q - 2 throwing nets
 y - a curare-tipped dart
Armour
 i - a +0 pair of gloves (worn)
 j - a +0 helmet (worn)
 k - a +1 pair of boots (worn)
 t - a +0 buckler (worn)
 K - a +0 cloak (worn)
 M - +0 acid dragon scales (worn)
Jewellery
 m - a ring of willpower (left hand)
 C - a +4 ring of evasion (right hand)
 G - a ring of magical power
Wands
 u - a wand of digging (10)
 w - a wand of charming (7)
 E - a wand of flame (1)
 N - a wand of polymorph (3)
Scrolls
 c - 4 scrolls of immolation
 d - a scroll of fear {unknown}
 e - 6 scrolls of teleportation
 f - a scroll of torment
 h - 2 scrolls of amnesia
 l - 4 scrolls of enchant armour {unknown}
 n - 3 scrolls of noise {unknown}
 r - a scroll of brand weapon {unknown}
 x - 4 scrolls of fog
 A - 2 scrolls of enchant weapon
 F - a scroll of silence
 L - a scroll of summoning {unknown}
Potions
 g - a potion of invisibility
 o - a potion of ambrosia
 p - 11 potions of curing
 s - a potion of heal wounds
 v - 2 potions of attraction {unknown}
 z - 2 potions of lignification {unknown}
 B - 2 potions of mutation {unknown}
 H - 3 potions of flight {unknown}
 J - 4 potions of brilliance


   Skills:
 + Level 6.3 Fighting
 * Level 8.8 Crossbows
 + Level 0.2 Throwing
 + Level 7.6 Dodging
 + Level 10.4 Stealth
 + Level 3.1 Spellcasting
 + Level 4.9 Hexes
 + Level 2.6 Translocations


You had 7 spell levels left.
You knew the following spells:

 Your Spells              Type           Power      Damage    Failure   Level
a - Blink                 Tloc           22%        N/A       21%         2
b - Portal Projectile     Hex/Tloc       28%        N/A       24%         3
c - Tukima's Dance        Hex            18%        N/A       16%         3

Your spell library contained the following spells:

 Spells                   Type           Power      Damage    Failure   Level
 Corpse Rot               Necr/Air       4%         N/A       52%         2
 Poisonous Vapours        Pois/Air       4%         N/A       52%         2
 Ignite Poison            Fire/Tmut/Pois 2%         N/A       75%         3
 Mephitic Cloud           Conj/Pois/Air  2%         N/A       75%         3
 Anguish                  Hex/Necr       5%         N/A       82%         4
 Manifold Assault         Tloc           11%        N/A       98%         5
 Blade Hands              Tmut           1%         N/A       100%        5
 Excruciating Wounds      Necr           1%         N/A       100%        5
 Freezing Cloud           Conj/Ice/Air   1%         6-21      100%        5
 Enfeeble                 Hex            9%         N/A       100%        7
 Storm Form               Tmut/Air       1%         N/A       100%        7


Dungeon Overview and Level Annotations

Branches:
Dungeon (10/15)            Temple (1/1) D:6             Orc (0/2) D:10
   Lair: D:8-11

Altars:
Ashenzari
Cheibriados
Dithmenos
Elyvilon
Fedhas
Gozag
Hepliaklqana
Kikubaaqudgha
Makhleb
Nemelex Xobeh
Okawaru
Qazlal
Ru
Sif Muna
Trog
Uskayaw
Vehumet
Wu Jian
Xom
Yredelemnul
Zin
The Shining One

Shops:
D:2 *[   D:4 ((!(*   D:6 (

Annotations:
D:8 2 transporters
D:10 Josephine


Innate Abilities, Weirdness & Mutations

Your natural rate of healing is accelerated.
You have razor-sharp teeth.
You have supernaturally acute eyesight. (SInv)
You are afflicted with vampirism and can become a bat while bloodless.


Message History

* * * LOW HITPOINT WARNING * * *
The centaur warrior closely misses you.
The centaur warrior hits you but does no damage.
The centaur warrior kicks you but does no damage.
You completely miss the centaur warrior.
The centaur warrior is moderately wounded.
The centaur warrior closely misses you.
The centaur warrior kicks you but does no damage.
The centaur warrior completely misses you.
The centaur warrior kicks you but does no damage.
You hit the centaur warrior.
The centaur warrior looks even sicker.
You bite the centaur warrior, but do no damage.
The centaur warrior is moderately wounded.
The centaur warrior barely misses you.
The centaur warrior kicks you but does no damage.
You hit the centaur warrior.
The centaur warrior is moderately wounded.
The centaur warrior closely misses you. The centaur warrior kicks you.
* * * LOW HITPOINT WARNING * * *
The centaur warrior barely misses you.
The centaur warrior kicks you but does no damage.
Unknown command.
You barely miss the centaur warrior. Your bite misses the centaur warrior.
The centaur warrior is moderately wounded.
The centaur warrior hits you but does no damage.
You block the centaur warrior's attack. The centaur warrior barely misses you.
The centaur warrior misses you.
You hit the centaur warrior but do no damage.
The centaur warrior looks as sick as possible!
The centaur warrior is moderately wounded.
The centaur warrior hits you!
* * * LOW HITPOINT WARNING * * *
The centaur warrior kicks you but does no damage.
Unknown command.
The centaur warrior attacks as you move away!
The centaur warrior closely misses you.
The centaur warrior kicks you but does no damage.
The centaur warrior wields a +0 longbow.
The centaur warrior shoots an arrow.
The arrow hits you!
You die...

### #.# # ..# . #.# # #.# # #.#
############ # #.# #..........#
###.### #
#.#####..........#####.....y....#
......'.....)...@'c..'...........
..#####..........##.##.....##....
#.# #############.# ....##.###
#.# #.# ##.# #.# #..(# # ..######
#.#.... ####...# #....### #...#
########.. #..# #..#.# #...#
#........#.#c_.#. ...#


You could see a centaur warrior (extremely poisoned).

Vanquished Creatures
  Maurice (D:9)
  2 hornets (D:8)
  Sigmund (D:5)
  A shadow (D:10)
  A wraith (D:10)
  3 wyverns
  2 vampire mosquitoes (D:10)
  2 acid dragons
  Duvessa (D:5)
  An orc warrior (D:9)
  3 black bears
  An ogre (D:5)
  5 centaurs
  A phantom (D:5)
  A kobold brigand (D:8)
  Blork the orc (D:6)
  7 bullfrogs
  A gnoll sergeant (D:10)
  3 necrophages (D:6)
  3 scorpions
  18 wights
  Dowan (D:5)
  8 killer bees
  4 howler monkeys (D:7)
  2 jellies
  3 orc priests
  Crazy Yiuf (D:4)
  A gnoll shaman (D:5)
  2 hounds
  6 iguanas
  10 orc wizards
  4 adders
  7 gnolls
  A white imp (D:4)
  The ghost of Esekla the Sneak, a weakling OpDe (D:6)
  4 dart slugs
  65 orcs
  8 bats
  6 endoplasms
  5 giant cockroaches
  3 goblins
  7 hobgoblins
  3 jackals (D:4)
  9 kobolds
  4 quokkas
  7 ball pythons
  4 frilled lizards
  4 rats
239 creatures vanquished.

Notes
Turn   | Place    | Note
-------+----------+-------------------------------------------
     0 | D:1      | siradein the Vampire Hunter began the quest for the Orb.
     0 | D:1      | Reached XP level 1. HP: 16/16 MP: 1/1
   119 | D:1      | Reached skill level 2 in Stealth
   124 | D:1      | Reached XP level 2. HP: 22/22 MP: 2/2
   525 | D:2      | Found Cekistree's Antique Armour Boutique.
   568 | D:2      | Gained mutation: You are afflicted with vampirism and can
                  | become a bat while bloodless. [Vampire growth]
   568 | D:2      | Reached XP level 3. HP: 27/27 MP: 3/3
   640 | D:2      | Found Nigossykh's Assorted Antiques.
  1589 | D:3      | Reached skill level 3 in Stealth
  1589 | D:3      | Reached XP level 4. HP: 32/34 MP: 4/4
  1680 | D:3      | Found a faded altar of an unknown god.
  2039 | D:4      | You fall into a shaft and drop 3 floors!
  2146 | D:6      | Noticed Blork the orc
  2194 | D:5      | Entered Level 5 of the Dungeon
  2225 | D:5      | Noticed a bullfrog
  2239 | D:5      | Killed a bullfrog
  2240 | D:5      | Reached XP level 5. HP: 11/39 MP: 5/5
  2373 | D:5      | Noticed Sigmund
  2388 | D:5      | Killed Sigmund
  2389 | D:5      | Reached skill level 4 in Stealth
  2389 | D:5      | Reached XP level 6. HP: 45/47 MP: 6/6
  2532 | D:5      | Noticed Dowan
  2601 | D:4      | Identified the +5 mace of Gehenna {freeze, Dex+6}
  2604 | D:4      | Found Nafunk's Distillery.
  2630 | D:4      | Found Debleut's Weapon Shoppe.
  2696 | D:4      | Found a runed translucent door.
  2697 | D:4      | Noticed Crazy Yiuf
  2738 | D:4      | Bought a potion of heal wounds for 70 gold pieces
  2738 | D:4      | Bought a potion of degeneration for 14 gold pieces
  2749 | D:4      | Found Sookabin's Weapon Boutique.
  2916 | D:4      | Found Yczinnee's General Store.
  3024 | D:4      | Found Yrao's Weapon Shoppe.
  3120 | D:5      | Noticed Duvessa
  3132 | D:5      | Killed Duvessa
  3133 | D:5      | Reached skill level 5 in Crossbows
  3133 | D:5      | Reached skill level 5 in Stealth
  3133 | D:5      | Reached XP level 7. HP: 10/52 MP: 7/7
  3589 | D:4      | HP: 2/51 [poisoned by a scorpion]
  3593 | D:4      | Reached skill level 6 in Stealth
  3831 | D:5      | Found a broken altar of Ashenzari.
  4154 | D:5      | Reached XP level 8. HP: 54/60 MP: 8/8
  4183 | D:5      | Reached skill level 5 in Dodging
  4396 | D:5      | Killed Dowan
  4442 | D:6      | Found a staircase to the Ecumenical Temple.
  4454 | Temple   | Entered the Ecumenical Temple
  4637 | Temple   | Became a worshipper of Dithmenos the Shadowed
  4767 | D:6      | Reached skill level 7 in Stealth
  4828 | D:6      | Found Donwur's Weapon Shop.
  5010 | D:6      | Found an iron altar of Okawaru.
  5177 | D:6      | Killed Blork the orc
  5408 | D:6      | Found a runed translucent door.
  5410 | D:6      | Noticed Esekla's ghost (weakling OpDe)
  5558 | D:6      | Killed Esekla's ghost
  5695 | D:2      | Bought a pair of embroidered boots for 157 gold pieces
  5824 | D:7      | Reached skill level 5 in Fighting
  5824 | D:7      | Reached skill level 8 in Stealth
  6069 | D:7      | Reached XP level 9. HP: 59/68 MP: 9/9
  6863 | D:7      | Learned a level 2 spell: Blink
  6867 | D:7      | Learned a level 3 spell: Portal Projectile
  6911 | D:8      | Paralysed by a hornet for 1 turns
  6920 | D:8      | Reached skill level 9 in Stealth
  6920 | D:8      | Reached skill level 1 in Hexes
  7088 | D:8      | Found a transporter.
  7334 | D:8      | Reached skill level 1 in Spellcasting
  7356 | D:8      | Reached skill level 1 in Translocations
  7471 | D:8      | Found a burning altar of Makhleb.
  7477 | D:8      | Found a blossoming altar of Fedhas.
  7773 | D:8      | Learned a level 3 spell: Tukima's Dance
  7782 | D:8      | Found a transporter.
  8052 | D:8      | Found an ancient bone altar of Kikubaaqudgha.
  8202 | D:9      | Noticed Maurice
  8231 | D:9      | Killed Maurice
  8232 | D:9      | Reached XP level 10. HP: 62/76 MP: 12/12
  8291 | D:9      | Reached * piety under Dithmenos
  9983 | D:9      | Reached skill level 10 in Stealth
 10095 | D:10     | Entered Level 10 of the Dungeon
 10505 | D:4      | Killed Crazy Yiuf
 10980 | D:10     | Found an ornate altar of the Wu Jian Council.
 10980 | D:10     | Noticed a centaur warrior
 11054 | D:10     | Reached ** piety under Dithmenos
 11091 | D:10     | Found a staircase to the Orcish Mines.
 11292 | D:10     | Noticed Josephine
 11325 | D:10     | Noticed an ogre mage
 11869 | D:10     | Shot with an arrow by a centaur warrior

Illustrated notes

Levels and vault maps discovered:
D:1:      spicycebolla_arrival_xxxplode, layout_rooms,
          nicolae_figureground_sparkle
D:2:      layout_basic, serial_shops, shop, nicolae_shop_window_shopping,
          dk_noncrumbling_3
D:3:      layout_basic, hellmonk_ecumenical_altar_leap_of_faith
D:4:      layout_rooms, mainiacjoe_overflow_concentric_impassable, serial_shops,
          nicolae_shop_bloodbath_and_beyond, nicolae_shop_waterfront,
          nicolae_stop_n_shop_1, kennysheep_mini_moat, shop,
          uniq_crazy_yiuf_cottage
D:5:      layout_rooms, mainiacjoe_overflow_alcove_1, fountainhead,
          minmay_misc_feat_x, uniq_duvessa, uniq_sigmund
D:6:      layout_loops_corners, mainiacjoe_overflow_cross_hatched,
          minmay_temple_entry_antechambers, ebering_ghost_reflecting_pool,
          serial_shops, nicolae_shop_waterfront, uniq_blork_the_orc
D:7:      layout_basic
D:8:      gammafunk_cloud_chamber, layout_loops_ring, general_overflow_altar,
          makhleb_altar_promises_db, fedhas_altar_2
D:9:      minmay_goldmine, layout_basic, serial_co_window_serial,
          co_window_corner_a, co_window_paths_a, co_window_paths_a,
          co_window_of_opportunity_a, co_window_corner_a, co_window_paths_c,
          co_window_of_opportunity_c, co_window_of_opportunity_b,
          co_window_paths_e, co_window_sun, glass_columns_c,
          lightli_orcish_oven, uniq_maurice
D:10:     layout_basic, hiddenorc2_lemuel, minmay_ruined_shrine, uniq_josephine
Temple:   eino_temple_rhombus

Skill      XL: |  1  2  3  4  5  6  7  8  9 10 |
---------------+-------------------------------+-----
Stealth        | 2 3 4 5 6 8 9 10 | 10.4
Fighting       | 2 3 4 5 6 |  6.3
Crossbows      | 4 5 7 8 |  8.8
Dodging        | 3 4 6 7 |  7.6
Hexes          | 3 4 |  4.9
Spellcasting   | 1 3 |  3.1
Translocations | 1 2 |  2.6
Throwing       | |  0.2

Action                   |  1- 3 |  4- 6 |  7- 9 | 10-12 || total
-------------------------+-------+-------+-------+-------++-------
Melee: Short sword       |     2 |    19 |    12 |    83 ||   116
       Bite              |       |     5 |    21 |    18 ||    44
       Mace              |       |     7 |   156 |    56 ||   219
 Fire: Hand crossbow     |   109 |    43 |   334 |   328 ||   814
Throw: Dart              |       |       |       |     1 ||     1
  Use: Scroll            |       |       |     8 |     1 ||     9
       Potion            |       |       |     1 |       ||     1
 Stab: Sleeping          |       |       |     1 |     1 ||     2
       Invisible         |       |       |       |     1 ||     1
Armor: Leather armour    |    14 |     5 |    72 |    15 ||   106
       Acid dragon scale |       |       |       |    52 ||    52
Dodge: Dodged            |    19 |    22 |   379 |   355 ||   775
       Repelled          |       |     3 |     6 |       ||     9
Block: Buckler           |     1 |     4 |    88 |    61 ||   154

Table legend: (Time is in decaauts)
 A = Elapsed time spent in this place.
 B = Non-inter-level travel time spent in this place.
 C = Inter-level travel time spent in this place.
 D = Time resting spent in this place.
 E = Time spent auto-exploring this place.
 F = Levels seen in this place.
 G = Mean time per level.
                   A        B        C        D        E       F      G
               +--------+--------+--------+--------+--------+-----+--------+
         Total |  12205 |  11146 |   1059 |   1472 |   6422 |  11 | 1109.5 |
       Dungeon |  12002 |  10967 |   1035 |   1472 |   6276 |  10 | 1200.2 |
        Temple |    202 |    178 |     24 |      0 |    146 |   1 |  202.0 |
               +--------+--------+--------+--------+--------+-----+--------+

Top non-repeatable levels by time:
     D:9: 1991 daAuts
     D:7: 1494 daAuts
     D:4: 1423 daAuts
     D:6: 1242 daAuts
     D:5: 1189 daAuts
     D:8: 1185 daAuts
    D:10: 1110 daAuts
     D:3: 997 daAuts
     D:2: 857 daAuts
     D:1: 509 daAuts
  Temple: 202 daAuts
